 Dungeon Crawl Stone Soup version 0.30-a0-696-g2367cd04db (webtiles) character file.

Game seed: 13676486565715295877

207 holysushi the Magician (level 6, -2/69 HPs)
             Began as a Djinni Necromancer on Jan 21, 2023.
             Engulfed by a cloud of flame (4 damage)
             ... on level 3 of the Dungeon.
             The game lasted 00:05:07 (2060 turns).

holysushi the Magician (Djinni Necromancer)         Turns: 2060, Time: 00:05:08

Health: -2/69      AC: 23    Str:  7    XL:     6   Next: 11%
Gold:   58         EV:  2    Int: 19    God:
                   SH:  0    Dex: 13

rFire   . . .      SeeInvis .    (no weapon)
rCold   . . .      Faith    .    (no shield)
rNeg    . . .      Spirit   .    (body armour currently unavailable)
rPois   ∞          Reflect  .    (helmet currently unavailable)
rElec   .          Harm     .    (cloak currently unavailable)
rCorr   .          Rampage  .    (gloves currently unavailable)
Will    .....      NoTele   +    (boots unavailable)
Stlth   ++                       (no amulet)
HPRegen 0.31/turn                (no ring)
MPRegen 0.00/turn                (no ring)

@: tree-form, attractive, invisible
A: stationary, stasis, torment immunity, boosted hp, sickness immunity, (fire
resistance 2), (cold vulnerability 1), float, innate caster, HP casting, extra
vitality 1
a: no special abilities


You were on level 3 of the Dungeon.
You were a tree.
You visited 1 branch of the dungeon, and saw 3 of its levels.

You collected 58 gold pieces.

Inventory:

Armour
 a - a +0 robe (melded)
 f - the +5 pair of gloves of the Clean Frog {Dex+2}
   (You acquired it on level 3 of the Dungeon)

   Dex:       It affects your dexterity (+2).
 i - a +0 helmet (melded)
Scrolls
 e - 4 scrolls of identify
 h - 2 scrolls of magic mapping
Potions
 b - a potion of magic
 d - 2 potions of lignification


   Skills:
 - Level 3.0 Fighting
 - Level 2.1 Dodging
 - Level 1.5 Stealth
 + Level 4.7 Spellcasting


You couldn't memorise any spells.
You knew the following spells:

 Your Spells              Type           Power      Damage    Failure   Level
a - Necrotise             Necr           88%        1d8       1%          1
b - Vampiric Draining     Necr           22%        2d7       5%          3
c - Animate Dead          Necr           22%        N/A       19%         4
d - Agony                 Necr           22%        N/A       45%         5
e - Apportation           Tloc           44%        N/A       1%          1
f - Scorch                Fire           44%        2d7       2%          2
Your spell library was empty.

Dungeon Overview and Level Annotations

Branches:
Dungeon (3/15) Zot: 15940

Altars:


Innate Abilities, Weirdness & Mutations

You are a tree.
Your roots penetrate the ground, keeping you stationary.
You cannot be teleported.
You are immune to unholy pain and torment.
Your maximum health is greatly increased.
Your equipment is partially melded.
You are immune to sickness and miasma.
You are immune to poison.
((Your flesh is very heat resistant. (rF++)))
((You are vulnerable to cold. (rC-)))
You float through the air rather than walking.
You learn spells naturally, not from books.
Your magical power is your life essence.
You have superior vitality. (+4 MHP)


Message History

Okay, then.
You aren't carrying any items that you can evoke.
Casting: Vampiric Draining (dangerous; 6% risk of failure)
Confirm with . or Enter, or press ? or * to list all spells.
Aiming: Vampiric Draining (dangerous; 6% risk of failure)
Press: ? - help, Shift-Dir - straight line, f - Ijyb
Aim: Ijyb, wielding a +0 club, wearing a +0 scale mail and carrying a wand of roots (4) (severely wounded, inner flame, strong, unable to see you)
You draw life force from Ijyb!
You feel life coursing into your body.
* * * LOW HITPOINT WARNING * * *
Ijyb explodes!
The fiery explosion engulfs you.
* * * LOW HITPOINT WARNING * * *
x2 Robin hits you but does no damage.
You have reached level 6!
Casting: Vampiric Draining (dangerous; 5% risk of failure)
Confirm with . or Enter, or press ? or * to list all spells.
Aiming: Vampiric Draining (dangerous; 5% risk of failure)
Press: ? - help, Shift-Dir - straight line, f - Robin
Aim: Robin, wielding a +0 whip of flaming, wearing a +0 animal skin, wearing a +2 helmet of see invisible and carrying a wand of flame (26)
You draw life force from Robin!
You feel life coursing into your body.
* * * LOW HITPOINT WARNING * * *
x2 Robin hits you but does no damage.
Casting: Vampiric Draining (dangerous; 5% risk of failure)
Confirm with . or Enter, or press ? or * to list all spells.
Aiming: Vampiric Draining (dangerous; 5% risk of failure)
Press: ? - help, Shift-Dir - straight line, f/p - Robin
Aim: Robin, wielding a +0 whip of flaming, wearing a +0 animal skin, wearing a +2 helmet of see invisible and carrying a wand of flame (26) (heavily wounded)
You draw life force from Robin.
You feel life coursing into your body.
* * * LOW HITPOINT WARNING * * *
x2 Robin barely misses you.
Casting: Vampiric Draining (dangerous; 5% risk of failure)
Confirm with . or Enter, or press ? or * to list all spells.
Aiming: Necrotise (safe; 1% risk of failure)
Press: ? - help, Shift-Dir - straight line, f/p - Robin
Aim: Robin, wielding a +0 whip of flaming, wearing a +0 animal skin, wearing a +2 helmet of see invisible and carrying a wand of flame (26) (almost dead, chance to affect: 86%) Robin writhes in agony!
You kill Robin!
* * * LOW HITPOINT WARNING * * *
The dead are walking!
You die...

..##,,.....................#
.....,..##.....##..........#
.####,..,#.....##..........#
##**,,...#.....##..........#
.#*,,*....#######..........#
.#*,**!...#................#
...,**,#....#####.§........#
..##**,#....## ##§§.......#*
.##**,.#...§§###♣§##.....#*
..,,,,.....§§§§#).#*#####*
##*,,****#.#§g§Z..##### ,,,,,*
#.§§###......#* ****,*
##§..##....#..##**** ##*,,*
##g.......#...#,,,**
.#,,*******#.##..)........,,,**
..,,*,,,,,....#.#.........,,,,*
..,,,,,,..................,,,,*


You could see the friendly Robin the hobgoblin skeleton.

Vanquished Creatures
  An orc priest (D:3)
  An orc wizard (D:3)
  Ijyb (D:3)
  Robin (D:3)
  A gnoll (D:1)
  5 adders
  A worm (D:2)
  3 dart slugs
  An orc (D:3)
  5 bats
  9 endoplasms
  13 goblins
  5 hobgoblins
  3 jackals (D:1)
  A quokka (D:1)
  9 ball pythons
  2 frilled lizards
  3 rats
65 creatures vanquished.

Vanquished Creatures (collateral kills)
  A bat (D:1)
1 creature vanquished.

Grand Total: 66 creatures vanquished

Notes
Turn   | Place    | Note
-------+----------+-------------------------------------------
     0 | D:1      | holysushi the Djinni Necromancer began the quest for the
                  | Orb.
     0 | D:1      | holysushi set off with the following spells memorised:
                  | Necrotise, Vampiric Draining, Animate Dead, Agony.
     0 | D:1      | Reached XP level 1. HP: 15/15 MP: 0/0
    22 | D:1      | Reached skill level 1 in Fighting
   141 | D:1      | Reached XP level 2. HP: 20/22 MP: 0/0
   392 | D:1      | Reached XP level 3. HP: 26/29 MP: 0/0
   392 | D:1      | Learned a level 1 spell: Apportation
  1075 | D:2      | Reached XP level 4. HP: 31/35 MP: 0/0
  1772 | D:3      | Reached skill level 4 in Spellcasting
  1772 | D:3      | Reached XP level 5. HP: 20/40 MP: 0/0
  1772 | D:3      | Learned a level 2 spell: Scorch
  2017 | D:3      | Noticed Ijyb
  2018 | D:3      | Noticed Robin
  2045 | D:3      | Identified a scroll of acquirement
  2045 | D:3      | Acquired the +5 pair of gloves of the Clean Frog {Dex+2}
  2053 | D:3      | HP: 2/60 [constriction (2)]
  2057 | D:3      | Killed Ijyb
  2058 | D:3      | Reached XP level 6. HP: 7/46 MP: 0/0
  2059 | D:3      | HP: 3/69 [something (4)]
  2060 | D:3      | Killed Robin
  2060 | D:3      | Engulfed by a cloud of flame

Illustrated notes

Levels and vault maps discovered:
D:1:      dpeg_arrival_shrine, layout_loops_ring, serial_park_tiny_2,
          grunt_decor_clamped, minmay_misc_feat_enclosed, minivault_24
D:2:      layout_basic, minmay_misc_feat_tower, minmay_misc_feat_encased
D:3:      layout_rooms, nicolae_goblin_pals

Skill      XL: |  1  2  3  4 |
---------------+-------------+-----
Fighting       | 1 2 3 |  3.0
Spellcasting   | 4 |  4.7
Dodging        | |  2.1
Stealth        | |  1.5

Action                   |  1- 3 |  4- 6 || total
-------------------------+-------+-------++-------
Melee: Unarmed           |    14 |    11 ||    25
       Punch             |     1 |       ||     1
 Cast: Necrotise         |    54 |    45 ||    99
       Vampiric Draining |       |    28 ||    28
  Use: Scroll            |       |     8 ||     8
       Potion            |       |     4 ||     4
Armor: Robe              |     7 |    19 ||    26
       Skin              |       |     8 ||     8
Dodge: Dodged            |    16 |    31 ||    47

Table legend: (Time is in decaauts)
 A = Elapsed time spent in this place.
 B = Non-inter-level travel time spent in this place.
 C = Inter-level travel time spent in this place.
 D = Time resting spent in this place.
 E = Time spent auto-exploring this place.
 F = Levels seen in this place.
 G = Mean time per level.
                   A        B        C        D        E       F      G
               +--------+--------+--------+--------+--------+-----+--------+
         Total |   2059 |   2044 |     15 |    139 |   1458 |   3 |  686.3 |
       Dungeon |   2059 |   2044 |     15 |    139 |   1458 |   3 |  686.3 |
               +--------+--------+--------+--------+--------+-----+--------+

Top non-repeatable levels by time:
     D:1: 936 daAuts
     D:2: 778 daAuts
     D:3: 344 daAuts
